 Dungeon Crawl Stone Soup version 0.27.0-1-g7a089689b8 (webtiles) character file.

Game seed: 15124459324047706300

2 Spectrina the Sneak (level 1, -2/13 HPs)
             Began as a Deep Elf Delver on July 31, 2021.
             Slain by a lemure (7 damage)
             ... led by Pikel
             ... on level 5 of the Dungeon.
             The game lasted 00:00:39 (39 turns).

Spectrina the Sneak (Deep Elf Delver)                 Turns: 39, Time: 00:00:40

Health: -2/13      AC:  3    Str:  9    XL:     1   Next: 25%
Magic:  4/4        EV: 12    Int: 14    God:
Gold:   0          SH:  0    Dex: 16    Spells: 2/2 levels left

rFire    . . .     SeeInvis .   i - +0 morningstar
rCold    . . .     Faith    .   (no shield)
rNeg     . . .     Spirit   .   b - +0 leather armour
rPois    .         Reflect  .   (no helmet)
rElec    .         Harm     .   (no cloak)
rCorr    .         Rampage  .   (no gloves)
Will     .....                  (no boots)
Stlth    +++.......             (no amulet)
HPRegen  0.04/turn              (no ring)
MPRegen  0.09/turn              (no ring)

@: no status effects
A: no striking features
a: no special abilities


You were on level 5 of the Dungeon.
You visited 1 branch of the dungeon, and saw 2 of its levels.

Inventory:

Hand Weapons
 a - a +0 short sword
 i - a +0 morningstar (weapon)
Missiles
 h - 5 javelins (quivered)
Armour
 b - a +0 leather armour (worn)
 j - a +0 scale mail
Wands
 g - a wand of digging (3)
Scrolls
 c - a scroll of fog
 d - a scroll of magic mapping
 e - a scroll of fear
Potions
 f - a potion of haste


   Skills:
 - Level 2.4 Fighting
 - Level 2.0 Short Blades
 - Level 2.4 Dodging
 - Level 6.0 Stealth
 + Level 1.0 Spellcasting


You had 2 spell levels left.
You didn't know any spells.
Your spell library was empty.

Dungeon Overview and Level Annotations

Branches:
Dungeon (5/15)
 Temple: D:4-7

Altars:

Annotations:
D:4 Pikel


Message History

i - a +0 morningstar
There is a stone staircase leading up here.
Things that are here:
a +0 scale mail; an orc corpse
j - a +0 scale mail
There is a stone staircase leading up here.
You climb upwards.
You hear the hiss of flowing sand.
There is an entrance to an ossuary on this level.
Hurry and find it before the portal is buried!
The lemure shouts!
A ball python, a hound, 3 lemures and Pikel come into view.
Pikel is wielding a +2 whip of freezing.
The hound barks!
The lemure shouts! x2; You hear a loud, deep croak!
There is a stone staircase leading down here.
Unknown command.
The lemure completely misses you.
You climb downwards.
There is a stone staircase leading up here.
i - a +0 morningstar (weapon)
Unknown command.
You sock the lemure!
The lemure is moderately wounded.
The lemure closely misses you. The lemure barely misses you.
You barely miss the lemure.
The lemure is moderately wounded.
The lemure closely misses you.
You closely miss the lemure.
The lemure is moderately wounded.
The lemure hits you but does no damage. The lemure hits you.
You barely miss the lemure.
The lemure is moderately wounded.
The lemure closely misses you.
You puncture the lemure!
The lemure is heavily wounded.
The lemure barely misses you. The lemure hits you.
You hit the lemure.
The lemure is severely wounded.
The lemure hits you!
Ouch! That really hurt!
You die...

....................
.....................#
......................
.....................#
......................
.....................#
......................
............5.........
.............@†.......
#.....................
##................#...
##..............## #
##............##
##..........##
##........##
##......##


You could see a lemure.

Vanquished Creatures
  An orc (D:5)
1 creature vanquished.

Notes
Turn   | Place    | Note
-------+----------+-------------------------------------------
     0 | D:5      | Spectrina the Deep Elf Delver began the quest for the Orb.
     0 | D:5      | Reached XP level 1. HP: 13/13 MP: 3/3
    23 | D:5      | Reached skill level 1 in Spellcasting
    30 | D:4      | Noticed a lemure
    30 | D:4      | Noticed Pikel
    30 | D:4      | Noticed a lemure
    30 | D:4      | Noticed a lemure
    30 | D:4      | Noticed a lemure
    30 | D:4      | Noticed a hound
    31 | D:4      | Noticed a jelly
    39 | D:5      | Slain by a lemure

Illustrated notes

Levels and vault maps discovered:
D:4:      layout_rooms, temple_green, serial_shops, shop,
          nicolae_ossuary_entry_plus, minmay_hedge_maze, minmay_manual_maat,
          uniq_menkaure, uniq_pikel, uniq_ijyb
D:5:      layout_basic, jmf_multi_god_temple

Skill      XL: |  1 |
---------------+----+-----
Spellcasting   | 1 |  1.0
Fighting       | |  2.4
Short Blades   | |  2.0
Dodging        | |  2.4
Stealth        | |  6.0

Action                   || total
-------------------------++-------
Melee: Morningstar       ||     6
       Short sword       ||     5
Armor: Leather armour    ||     1
Dodge: Dodged            ||    10
